 Dungeon Crawl Stone Soup version 0.20.1-1-g8b1a95d66d (webtiles) character file.

2300 Jerry the Carver (level 9, -5/64 HPs)
             Began as a Barachi Fighter on Nov 17, 2017.
             Was a Believer of Hepliaklqana.
             Slain by an orc warrior
             ... wielding a cursed -2 mace
              (20 damage)
             ... on level 8 of the Dungeon.
             The game lasted 00:20:54 (6241 turns).

Jerry the Carver (Barachi Fighter)                  Turns: 6241, Time: 00:20:55

Health: -5/64      AC: 16    Str: 20    XL:     9   Next: 40%
Magic:  9/9        EV: 10    Int:  9    God:    Hepliaklqana [**....]
Gold:   316        SH:  6    Dex: 15    Spells: 8/8 levels left

rFire    . . .     SeeInvis .   F - +6 long sword
rCold    + . .     Gourm    .   i - +0 buckler
rNeg     . . .     Faith    .   y - +0 ring mail {rC+}
rPois    .         Spirit   .   o - +2 helmet
rElec    .         Reflect  .   n - +2 cloak
rCorr    .         Harm     .   t - +2 pair of gloves
MR       +....                  (no boots)
Stlth    +.........             (no amulet)
Regen    0.2/turn               j - ring of protection from magic
MPRegen  0.2/turn               h - +3 ring of dexterity

@: slow
A: +LOS, swims, reduced essence, slowness 1, strong legs 1
a: Hop, Recall Ancestor, Ancestor Identity, Renounce Religion


You were on level 8 of the Dungeon.
You worshipped Hepliaklqana.
Hepliaklqana was pleased with you.
You were not hungry.

You visited 1 branch of the dungeon, and saw 8 of its levels.

You collected 316 gold pieces.

Inventory:

Hand Weapons
 F - a +6 long sword (weapon)
 H - a +2 long sword of freezing
Armour
 i - a +0 buckler (worn)
 n - a +2 cloak (worn)
 o - a +2 helmet (worn)
 t - a +2 pair of gloves (worn)
 y - a +0 ring mail of cold resistance (worn)
Jewellery
 h - a +3 ring of dexterity (right hand)
 j - a ring of protection from magic (left hand)
 m - a +3 ring of dexterity
 w - an uncursed ring of stealth
Wands
 s - a wand of disintegration (12/24)
 x - a wand of acid (8/15)
Scrolls
 b - 5 scrolls of magic mapping {unknown}
 c - 3 scrolls of enchant armour
 g - a scroll of random uselessness {unknown}
 k - 6 scrolls of identify
 l - 2 scrolls of teleportation
 p - 2 scrolls of amnesia {unknown}
 q - 5 scrolls of remove curse
 u - a scroll of blinking {unknown}
 C - a scroll of fear {unknown}
 G - a scroll of enchant weapon {unknown}
Potions
 d - 2 potions of might
 e - a potion of curing {unknown}
 r - a potion of degeneration {unknown}
 z - a potion of magic {unknown}
 A - 2 potions of brilliance {unknown}
 B - a potion of flight {unknown}
 I - 2 potions of mutation {unknown}
Books
 E - a book of Conjurations

   Spells                             Type                      Level
   a - Magic Dart                     Conjuration                  1
   b - Searing Ray                    Conjuration                  2
   c - Dazzling Spray                 Conjuration/Hexes            3
   d - Fulminant Prism                Conjuration/Hexes            4
   e - Force Lance                    Conjuration/Translocation    4
   f - Iskenderun's Mystic Blast      Conjuration                  4
Comestibles
 f - 5 bread rations
 v - 4 meat rations
 D - 2 fruits
 J - a royal jelly


   Skills:
 + Level 7.3 Fighting
 * Level 9.6 Long Blades
 + Level 7.3 Armour
 + Level 7.0 Shields


You had 8 spell levels left.
You didn't know any spells.

Dungeon Overview and Level Annotations

Branches:
Dungeon (8/15)             Temple (0/1) D:6
   Lair: D:8-11

Altars:
Dithmenos
Elyvilon
Fedhas
Hepliaklqana
Kikubaaqudgha
Qazlal
Ru
Sif Muna
Trog
Uskayaw
Vehumet
Xom
Zin
The Shining One

Portals:
Bailey: D:8


Innate Abilities, Weirdness & Mutations

Shadows flee at your approach. (+LOS)
You can swim through water.
You cover ground slowly.
You can hop short distances.
Your life essence is reduced to manifest your ancestor. (-10% HP)


Message History

The orc warrior hits you with a mace!
You completely miss the orc warrior.
The orc warrior is heavily wounded.
The orc wizard hits Decima but does no damage.
Decima hits the orc wizard with a dagger of draining.
The orc wizard dies!
You barely miss the orc warrior.
The orc warrior is heavily wounded.
The orc warrior hits you with a mace!
* * * LOW HITPOINT WARNING * * *
You hit the orc warrior.
The orc warrior is heavily wounded.
You block the orc warrior's attack.
Decima casts a spell at the orc warrior.
The orc warrior resists with some effort.
You strike the helpless orc warrior from behind!
You hit the orc warrior.
The orc warrior is severely wounded.
The orc warrior hits you with a mace!!
You die...

## #.#### ###### #..#..
##..... .#....# #......
....... ##...... ≈≈≈≈.
#....... # #≈.####
#....... #...#≈[)†.###
##.......
#.∩..≈R@#...####........
#...#≈o)####...#........
## #≈... ####.........
≈≈≈.... #.........
......... #.........
...........# #[..#####.
............# ##### ##
.............
..#..........#


You could see the friendly Decima the hexer and an orc warrior.

Vanquished Creatures
  Pikel (D:7)
  Duvessa (D:7)
  An orc warrior (D:6)
  A phantom (D:8)
  A centaur (D:5)
  An ogre (D:4)
  2 scorpions
  4 wights (D:6)
  A howler monkey (D:5)
  3 crimson imps
  2 orc wizards
  A quasit (D:6)
  An orc priest (D:8)
  5 hounds
  3 jellies (D:4)
  An iguana (D:4)
  4 worker ants
  3 gnolls (D:6)
  6 adders
  A howler monkey skeleton (D:5)
  9 oozes
  An adder skeleton (D:7)
  An adder zombie (D:7)
  A worm (D:2)
  4 leopard geckos
  15 orcs
  6 bats
  A giant cockroach (D:2)
  13 goblins
  11 hobgoblins
  8 jackals (D:1)
  5 quokkas
  2 ball pythons
  6 frilled lizards
  13 kobolds
  A quokka skeleton (D:7)
  3 rats (D:1)
143 creatures vanquished.

Vanquished Creatures (collateral kills)
  An ogre (D:6)
  A bullfrog (D:6)
  Dowan (D:7)
  A jelly (D:6)
  An orc wizard (D:8)
  An adder (D:8)
  An ooze (D:4)
  A goblin (D:8)
  A quokka (D:8)
  A kobold (D:4)
10 creatures vanquished.

Vanquished Creatures (others)
  An ancestor (D:4)
  A fungus (D:4)
  A plant (D:6)
  9 toadstools (D:4)
12 creatures vanquished.

Grand Total: 165 creatures vanquished

Notes
Turn   | Place    | Note
-------+----------+-------------------------------------------
     0 | D:1      | Jerry the Barachi Fighter began the quest for the Orb.
     0 | D:1      | Reached XP level 1. HP: 18/18 MP: 1/1
   217 | D:1      | Reached XP level 2. HP: 22/25 MP: 2/2
   221 | D:1      | Reached skill level 3 in Long Blades
   438 | D:1      | Reached XP level 3. HP: 30/30 MP: 3/3
  1161 | D:2      | Found a shimmering altar of Xom.
  1221 | D:2      | Reached skill level 4 in Long Blades
  1221 | D:2      | Reached XP level 4. HP: 32/37 MP: 4/4
  1963 | D:3      | Found a glowing silver altar of Zin.
  2007 | D:3      | Reached XP level 5. HP: 36/42 MP: 5/5
  2067 | D:3      | Found a deep blue altar of Sif Muna.
  2135 | D:4      | Noticed an ogre
  2153 | D:4      | Killed an ogre
  2153 | D:4      | Reached skill level 5 in Long Blades
  2401 | D:4      | Reached XP level 6. HP: 40/49 MP: 6/6
  2433 | D:4      | Reached skill level 5 in Armour
  2624 | D:3      | Found a faded altar of an unknown god.
  2854 | D:4      | Found a hazy altar of Hepliaklqana.
  2877 | D:4      | Became a worshipper of Hepliaklqana the Forgotten
  2930 | D:4      | Found a sacrificial altar of Ru.
  3079 | D:4      | Reached skill level 6 in Long Blades
  3130 | D:4      | Reached skill level 5 in Fighting
  3130 | D:4      | Reached XP level 7. HP: 44/50 MP: 7/7
  3508 | D:5      | Entered Level 5 of the Dungeon
  3525 | D:5      | Reached skill level 5 in Shields
  3534 | D:5      | Found a radiant altar of Vehumet.
  3582 | D:5      | Reached skill level 7 in Long Blades
  3757 | D:5      | Found a hide-covered altar of Uskayaw.
  3791 | D:5      | Found a glowing golden altar of the Shining One.
  4079 | D:5      | Found a white marble altar of Elyvilon.
  4079 | D:5      | Found a shadowy altar of Dithmenos.
  4156 | D:6      | Reached * piety under Hepliaklqana
  4198 | D:6      | Reached XP level 8. HP: 44/57 MP: 8/8
  4595 | D:6      | Found a staircase to the Ecumenical Temple.
  4700 | D:6      | Found a stormy altar of Qazlal.
  4755 | D:6      | Reached skill level 8 in Long Blades
  4769 | D:6      | Found an ancient bone altar of Kikubaaqudgha.
  5170 | D:6      | Found a blossoming altar of Fedhas.
  5442 | D:7      | Reached ** piety under Hepliaklqana
  5443 | D:7      | Remembered your ancestor Decima as a hexer
  5544 | D:7      | Found a bloodstained altar of Trog.
  5610 | D:7      | Noticed Duvessa
  5618 | D:7      | Killed Duvessa
  5625 | D:7      | Noticed Dowan
  5637 | D:7      | Killed Dowan
  5637 | D:7      | Reached XP level 9. HP: 58/63 MP: 9/9
  5730 | D:7      | Noticed Pikel
  5739 | D:7      | Killed Pikel
  5739 | D:7      | Reached skill level 9 in Long Blades
  6220 | D:8      | Found a flagged portal.
  6241 | D:8      | Slain by an orc warrior

Skill      XL: |  1  2  3  4  5  6  7  8  9 |
---------------+----------------------------+-----
Long Blades    | 3 4 5 6 7 8 9 |  9.6
Armour         | 4 5 6 7 |  7.3
Fighting       | 4 5 6 7 |  7.3
Shields        | 4 5 6 7 |  7.0

Action                   |  1- 3 |  4- 6 |  7- 9 || total
-------------------------+-------+-------+-------++-------
Melee: Long sword        |   100 |   177 |   218 ||   495
Invok: Ancestor Identity |       |     1 |       ||     1
       Ancestor Life: He |       |       |     1 ||     1
 Abil: Hop               |       |     1 |       ||     1
  Use: Scroll            |     1 |     4 |     1 ||     6
 Stab: Sleeping          |       |     1 |       ||     1
       Distracted        |       |       |     2 ||     2
       Confused          |       |       |     1 ||     1
  Eat: Chunk             |     2 |     7 |     9 ||    18
       Royal jelly       |       |       |     1 ||     1
Armor: Scale mail        |    71 |    64 |       ||   135
       Ring mail         |       |    37 |   117 ||   154
Dodge: Dodged            |    69 |    91 |    84 ||   244
Block: Buckler           |       |    30 |    61 ||    91
       Rpst.: Long sword |    18 |    27 |    30 ||    75
